 Dungeon Crawl Stone Soup version 0.28.0-45-g0d030f2227 (webtiles) character file.

Game seed: 5290683737656388322

2398 NinjaNoafa the Protected (level 9, -5/80 HPs)
             Began as a Minotaur Fighter on Apr 6, 2022.
             Was a Believer of Zin.
             Slain by a two-headed ogre
             ... wielding a +0 giant club
              (14 damage)
             ... on level 8 of the Dungeon.
             The game lasted 00:17:28 (6035 turns).

NinjaNoafa the Protected (Minotaur Fighter)         Turns: 6035, Time: 00:17:28

Health: -5/80      AC: 17    Str: 26    XL:     9   Next: 23%
Magic:  16/20      EV:  8    Int: 10    God:    Zin [**....]
Gold:   170        SH: 11    Dex: 16    Spells: 8/8 levels left

rFire   . . .      SeeInvis .   b - +10 flail "Aphurpho" {vorpal, rC- MP+9 Int+4 Dex+5}
rCold   x . .      Faith    .   c - +0 buckler
rNeg    . . .      Spirit   .   h - +0 chain mail
rPois   ∞          Reflect  +   (helmet restricted)
rElec   .          Harm     .   (no cloak)
rCorr   .          Rampage  .   G - +0 pair of gloves
Will    .....                   o - +0 pair of boots
Stlth   ..........              s - amulet of reflection
HPRegen 0.23/turn               D - +4 ring of protection
MPRegen 0.17/turn               (no ring)

@: vitalised, reciting
A: horns 2, retaliatory headbutt
a: Renounce Religion, Recite, Vitalisation, Donate Gold


You were on level 8 of the Dungeon.
You worshipped Zin.
Zin was pleased with you.
You visited 2 branches of the dungeon, and saw 9 of its levels.

You collected 379 gold pieces.
You donated 209 gold pieces to Zin.

Inventory:

Hand Weapons
 a - the +5 flail of Eriafe {vorpal, rElec rC+}
   (You found it on level 6 of the Dungeon)

   It inflicts extra damage upon your enemies.
   rC:        It protects you from cold.
   rElec:     It insulates you from electricity.
 b - the +10 flail "Aphurpho" (weapon) {vorpal, rC- MP+9 Int+4 Dex+5}
   (You found it on level 6 of the Dungeon)

   It inflicts extra damage upon your enemies.
   Int:       It affects your intelligence (+4).
   Dex:       It affects your dexterity (+5).
   rC:        It makes you vulnerable to cold.
   MP:        It affects your magic capacity (+9).
 q - a +3 mace of holy wrath
 u - a +1 dagger of draining
 v - a +0 hand axe of flaming
 B - a +0 flail
Missiles
 d - 2 boomerangs
 e - 6 javelins (quivered)
 E - 14 poisoned darts
 F - a curare-tipped dart
Armour
 c - a +0 buckler (worn)
 h - a +0 chain mail (worn)
 k - an orb of guile
 o - a +0 pair of boots (worn)
 C - a +0 scale mail
 G - a +0 pair of gloves (worn)
Jewellery
 s - an amulet of reflection (around neck)
 A - an amulet of reflection
 D - a +4 ring of protection (left hand)
Scrolls
 i - 2 scrolls of teleportation
 l - a scroll of enchant armour {unknown}
 m - a scroll of immolation {unknown}
 r - a scroll of summoning {unknown}
 t - a scroll of magic mapping {unknown}
 w - a scroll of noise {unknown}
 x - a scroll of fear {unknown}
 y - a scroll of brand weapon {unknown}
 H - 3 scrolls of blinking
Potions
 f - a potion of magic
 j - a potion of flight {unknown}
 n - a potion of brilliance {unknown}
 p - a potion of invisibility {unknown}


   Skills:
 + Level 7.7 Fighting
 + Level 6.5 Maces & Flails
 + Level 8.5 Armour
 + Level 7.8 Shields
 * Level 4.3 Invocations


You had 8 spell levels left.
You didn't know any spells.
Your spell library contained the following spells:

 Spells                   Type           Power      Damage    Failure   Level
 Foxfire                  Conj/Fire      0%         2x1d4     94%         1
 Corpse Rot               Necr/Air       0%         N/A       98%         2
 Poisonous Vapours        Pois/Air       0%         N/A       98%         2
 Conjure Flame            Conj/Fire      0%         6-21      100%        3
 Inner Flame              Hex/Fire       0%         N/A       100%        3
 Portal Projectile        Hex/Tloc       0%         N/A       100%        3
 Flame Wave               Conj/Fire      0%         2d4       100%        4
 Blade Hands              Tmut           0%         N/A       100%        5
 Excruciating Wounds      Necr           0%         N/A       100%        5


Dungeon Overview and Level Annotations

Branches:
Dungeon (8/15)             Temple (1/1) D:5
   Lair: D:8-11

Altars:
Gozag
Hepliaklqana
Kikubaaqudgha
Qazlal
Uskayaw
Zin

Shops:
D:2 :   D:4 [


Innate Abilities, Weirdness & Mutations

You have a pair of horns on your head.
You reflexively headbutt those who attack you in melee.


Message History

The two-headed ogre is heavily wounded.
You block the gnoll's attack. You block the gnoll sergeant's attack.
You block the two-headed ogre's attack. The two-headed ogre barely misses you.
The gnoll barely misses you. The gnoll hits you but does no damage.
The gnoll barely misses you. You furiously retaliate!
You headbutt the gnoll. You hit the two-headed ogre.
The two-headed ogre is heavily wounded.
You block the gnoll's attack.
The gnoll sergeant hits you with a +0 trident.
The gnoll hits you but does no damage. You block the gnoll's attack. x2
The two-headed ogre hits you with a +0 giant club!
* * * LOW HITPOINT WARNING * * *
The two-headed ogre hits you with a +0 giant club!
* * * LOW HITPOINT WARNING * * *
The gnoll hits you but does no damage. Zin grants you divine stamina.
You block the gnoll sergeant's attack. The gnoll hits you with a +0 club.
* * * LOW HITPOINT WARNING * * *
You block the gnoll's attack. The gnoll hits you but does no damage.
The two-headed ogre barely misses you. x2
The gnoll hits you but does no damage.
Activating: Recite (1% risk of failure)
Press: ? - help, Dir - look around, f - activate Look: a two-headed ogre, wielding two +0 giant clubs (heavily wounded)
You clear your throat and prepare to recite. "What of the fetid masses?
Ousted for their..."
The gnoll is confused by your recitation.
The gnoll is dazed by your recitation.
The gnoll shouts!
The gnoll closely misses something.
The gnoll barely misses itself.
You block the gnoll sergeant's attack.
The gnoll is lost in a daze.
You thump the two-headed ogre!
Your headbutt misses the two-headed ogre.
The two-headed ogre is almost dead. "...impurity they shall be!
Zin will oust them again..."
The kobold is dazed by your recitation.
The gnoll sergeant hits you from afar with a +0 trident.
* * * LOW HITPOINT WARNING * * *
The two-headed ogre hits you with a +0 giant club!
You die...

## .. #.##
#### ...#
#<.##...#
#...#...#
##.@#g..#..#
###Ogg..#
#....Kg......
#......♣.....
#....... ....
#.###.... ###
#.# .#.$.# #.
. ...# # #
...#


You could see a two-headed ogre, a gnoll sergeant, 2 gnolls and a kobold
(dazed).

Vanquished Creatures
  A steam dragon (D:7)
  A water moccasin (D:7)
  3 ice beasts (D:5)
  A necrophage (D:4)
  An ogre (D:4)
  2 black bears
  2 centaurs
  2 phantoms
  2 kobold brigands
  4 scorpions
  A wyvern skeleton (D:6)
  2 howler monkeys (D:7)
  A bullfrog zombie (D:5)
  A centaur zombie (D:6)
  3 hounds
  2 jellies
  2 orc priests
  2 centaur skeletons (D:7)
  2 iguanas (D:4)
  Ijyb (D:3)
  4 orc wizards
  A hound skeleton (D:4)
  A howler monkey zombie (D:7)
  A gnoll (D:8)
  A howler monkey skeleton (D:6)
  5 adders
  2 white imps (D:7)
  An ufetubus (D:7)
  2 worms (D:4)
  3 dart slugs
  20 orcs
  2 bats (D:3)
  7 endoplasms
  A giant cockroach (D:3)
  5 goblins
  7 hobgoblins
  8 jackals
  A quokka (D:3)
  4 ball pythons
  A frilled lizard (D:1)
  A goblin zombie (D:5)
  11 kobolds
  A quokka zombie (D:5)
  4 rats
130 creatures vanquished.

Vanquished Creatures (others)
  A kobold brigand (D:7)
  A howler monkey (D:7)
  An orc wizard (D:7)
  An orc (D:7)
  A plant (D:7)
5 creatures vanquished.

Grand Total: 135 creatures vanquished

Notes
Turn   | Place    | Note
-------+----------+-------------------------------------------
     0 | D:1      | NinjaNoafa the Minotaur Fighter began the quest for the
                  | Orb.
     0 | D:1      | Reached XP level 1. HP: 19/19 MP: 0/0
   202 | D:1      | Reached XP level 2. HP: 27/27 MP: 1/1
   737 | D:2      | Reached skill level 4 in Armour
   879 | D:2      | Found an ancient bone altar of Kikubaaqudgha.
   921 | D:2      | Found Omooghoj's Book Shoppe.
  1092 | D:3      | Reached XP level 3. HP: 33/33 MP: 2/2
  1233 | D:3      | Found a faded altar of an unknown god.
  1265 | D:3      | Noticed Ijyb
  1278 | D:3      | Killed Ijyb
  1279 | D:3      | Reached XP level 4. HP: 39/41 MP: 3/3
  1526 | D:4      | Noticed a necrophage
  1530 | D:4      | Killed a necrophage
  1531 | D:4      | Reached skill level 5 in Armour
  1531 | D:4      | Reached skill level 5 in Shields
  1531 | D:4      | Reached XP level 5. HP: 46/47 MP: 4/4
  1667 | D:4      | Reached skill level 5 in Fighting
  1823 | D:4      | Noticed a black bear
  1826 | D:4      | Killed a black bear
  1827 | D:4      | Reached XP level 6. HP: 36/56 MP: 5/5
  1930 | D:4      | Found Doarch's Antique Armour Emporium.
  2313 | D:4      | Reached skill level 6 in Armour
  2313 | D:4      | Reached XP level 7. HP: 62/62 MP: 6/6
  2534 | D:5      | Entered Level 5 of the Dungeon
  2663 | D:5      | Found a transporter.
  2686 | D:5      | Found a transporter.
  2709 | D:5      | Reached skill level 7 in Armour
  3042 | D:5      | Found a staircase to the Ecumenical Temple.
  3051 | Temple   | Entered the Ecumenical Temple
  3057 | Temple   | Became a worshipper of Zin the Law-Giver
  3057 | Temple   | Reached * piety under Zin
  3306 | D:5      | Reached skill level 5 in Maces & Flails
  3339 | D:5      | Reached XP level 8. HP: 57/71 MP: 7/7
  3994 | D:6      | Reached skill level 1 in Invocations
  3997 | D:6      | Reached ** piety under Zin
  4000 | D:6      | Identified the +5 flail of Eriafe {vorpal, rElec rC+}
  4427 | D:6      | Identified the +10 flail "Aphurpho" {vorpal, rC- MP+9 Int+4
                  | Dex+5}
  4669 | D:6      | Reached skill level 8 in Armour
  5263 | D:7      | Found a faded altar of an unknown god.
  5265 | D:7      | Found a faded altar of an unknown god.
  5266 | D:7      | Found a faded altar of an unknown god.
  5266 | D:7      | Found a hazy altar of Hepliaklqana.
  5354 | D:7      | Reached XP level 9. HP: 34/79 MP: 10/10
  6022 | D:8      | Noticed a two-headed ogre
  6024 | D:8      | Donated 172 gold pieces to Zin
  6035 | D:8      | Slain by a two-headed ogre

Illustrated notes

Levels and vault maps discovered:
D:1:      elethiomel_arrival_shortcut, layout_basic, hangedman_decor_opposing
D:2:      layout_loops_ring, basic_altar, serial_shops, shop_coins
D:3:      layout_rooms, dreamdust_ecumenical_altar_hidden_monk_grotto, uniq_ijyb
D:4:      layout_rooms, serial_shops, shop, grunt_decor_mini_mirrors,
          minivault_27, grunt_ministairs_7
D:5:      gammafunk_cloud_chamber, layout_loops_cross,
          minmay_temple_entry_antechambers, enter_ossuary_4
D:6:      layout_loops_corners
D:7:      layout_basic, nicolae_hepliaklqana_ecumenical_no_more,
          minmay_diced_spiral
D:8:      layout_basic, grunt_ministairs_6
Temple:   nicolae_temple_the_god_donut

Skill      XL: |  1  2  3  4  5  6  7  8  9 |
---------------+----------------------------+-----
Fighting       | 4 5 6 7 |  7.7
Shields        | 4 5 6 7 |  7.8
Armour         | 4 5 6 7 8 |  8.5
Maces & Flails | 3 4 5 6 |  6.5
Invocations    | 3 4 |  4.3

Action                   |  1- 3 |  4- 6 |  7- 9 || total
-------------------------+-------+-------+-------++-------
Melee: Flail             |    62 |     1 |    82 ||   145
       Headbutt          |     9 |    12 |    25 ||    46
       Unarmed           |     4 |     3 |       ||     7
       Mace              |       |    78 |   101 ||   179
Invok: Recite            |       |       |     1 ||     1
       Vitalisation      |       |       |     1 ||     1
       Donate Gold       |       |       |     1 ||     1
  Use: Potion            |       |     1 |     3 ||     4
       Scroll            |       |       |     6 ||     6
 Stab: Confused          |       |     1 |       ||     1
Armor: Chain mail        |    36 |    49 |   130 ||   215
       Scale mail        |     3 |       |       ||     3
Dodge: Dodged            |    33 |    40 |    78 ||   151
Block: Buckler           |    11 |    38 |   143 ||   192
       Reflection        |       |       |     7 ||     7
